 Dungeon Crawl Stone Soup version 0.28-a0-1213-g0243856f03 (webtiles) character file.

Game seed: 17715183934340255464

219729 fragbeetle the Impaler (level 19, -2/155 HPs)
             Began as a Merfolk Gladiator on Dec 21, 2021.
             Was the Champion of Qazlal.
             Killed by vampiric draining
             ... invoked by Jory
              (18 damage)
             ... on level 3 of the Vaults on Dec 22, 2021.
             The game lasted 04:17:33 (37285 turns).

fragbeetle the Impaler (Merfolk Gladiator)         Turns: 37285, Time: 04:17:34

Health: -2/155     AC: 32    Str: 14    XL:     19   Next: 15%
Magic:  32/39      EV: 20    Int: 12    God:    Qazlal [******]
Gold:   1525       SH:  8    Dex: 20    Spells: 3/33 levels left

rFire   + . .      SeeInvis .   a - +10 glaive of the Hawk {flame, *Noise rElec rC+ Dex+3}
rCold   + + .      Faith    .   (shield currently unavailable)
rNeg    . . .      Spirit   .   b - +5 ring mail of the Thirsty Visions {rElec rC+ rCorr}
rPois   .          Reflect  .   s - +2 hat {Will+}
rElec   +          Harm     .   Z - +0 cloak {rF+}
rCorr   +          Rampage  +   S - +2 pair of gloves
Will    ++...                   Y - +2 pair of boots {rampage}
Stlth   +.........              Q - amulet of the acrobat
HPRegen 0.35/turn               m - +4 ring of protection
MPRegen 0.26/turn               A - ring of Lacky {Wiz MP+9 Str-2 Slay+4 Stlth+}

@: ice-armoured, about to teleport, protected from physical damage, mesmerised,
hasted, repel missiles, very quick
A: (nimble swimmer 2), mertail
}: 1/15 runes: decaying
a: Renounce Religion, Upheaval, Elemental Force, Disaster Area


You were on level 3 of the Vaults.
You worshipped Qazlal.
Qazlal was exalted by your worship.
You visited 8 branches of the dungeon, and saw 35 of its levels.
You also visited: Sewer, Bailey, Ice Cave and Volcano.

You collected 4574 gold pieces.
You spent 3049 gold pieces at shops.

Inventory:

Hand Weapons
 a - the +10 glaive of the Hawk (weapon) {flame, *Noise rElec rC+ Dex+3}
   (You acquired it on level 10 of the Dungeon)

   It burns those it strikes, dealing additional fire damage.
   Big, fiery blades are also staple armaments of hydra-hunters.
   Dex:       It affects your dexterity (+3).
   rC:        It protects you from cold.
   rElec:     It insulates you from electricity.
   *Noise:    It may make noises in combat.
Missiles
 d - 3 throwing nets
 e - 77 boomerangs (quivered)
 r - 194 poisoned darts
 u - 20 curare-tipped darts
 C - 5 datura-tipped darts
 F - 3 silver boomerangs
Armour
 b - the +5 ring mail of the Thirsty Visions (worn) {rElec rC+ rCorr}
   (You bought it in a shop on level 2 of the Orcish Mines)

   rC:        It protects you from cold.
   rElec:     It insulates you from electricity.
   rCorr:     It protects you from acid and corrosion.
 s - a +2 hat of willpower (worn)
 S - a +2 pair of gloves (worn)
 Y - a +2 pair of boots of rampaging (worn)
 Z - a +0 cloak of fire resistance (worn)
Jewellery
 m - a +4 ring of protection (left hand)
 A - the ring of Lacky (right hand) {Wiz MP+9 Str-2 Slay+4 Stlth+}
   (You took it off an ogre mage on level 14 of the Dungeon)

   [ring of wizardry]

   It improves your spell success rate.
   Str:       It affects your strength (-2).
   Slay:      It affects your accuracy & damage with ranged weapons and melee
   (+4).
   MP:        It affects your magic capacity (+9).
   Stlth:     It makes you more stealthy.
 J - a ring of positive energy
 K - a ring of willpower
 L - a ring of poison resistance
 Q - an amulet of the acrobat (around neck)
Wands
 j - a wand of iceblast (14)
 l - a wand of paralysis (14)
 x - a wand of flame (55)
 y - a wand of charming (6)
 G - a wand of polymorph (23)
 M - a wand of acid (4)
 R - a wand of mindburst (32)
 T - a wand of digging (5)
Scrolls
 c - 2 scrolls of silence {unknown}
 f - a scroll of summoning {unknown}
 h - 6 scrolls of fear
 i - 2 scrolls of immolation {unknown}
 p - 5 scrolls of teleportation
 w - 4 scrolls of blinking
 B - a scroll of amnesia
 E - 5 scrolls of fog
 N - 4 scrolls of magic mapping
Potions
 g - 6 potions of might
 k - 4 potions of resistance
 q - 7 potions of flight
 t - 2 potions of invisibility
 v - 3 potions of curing
 z - 6 potions of brilliance
 D - a potion of berserk rage
 H - 7 potions of heal wounds
 I - a potion of lignification
 P - 3 potions of haste
 U - 3 potions of magic
 V - 3 potions of cancellation
 X - a potion of attraction {unknown}
Miscellaneous
 W - a phial of floods


   Skills:
 + Level 15.2 Fighting
 - Level 20.0 Polearms
 - Level 4.5 Throwing
 - Level 8.0 Armour
 - Level 15.4 Dodging
 - Level 4.0 Shields
 + Level 7.7 Spellcasting
 - Level 9.0 Conjurations
 + Level 3.3 Hexes
 + Level 7.3 Summonings
 - Level 3.1 Transmutations
 + Level 3.3 Fire Magic
 - Level 10.6 Ice Magic
 + Level 7.5 Air Magic
 - Level 9.0 Poison Magic
 + Level 8.0 Invocations


You had 3 spell levels left.
You knew the following spells:

 Your Spells              Type           Power      Damage    Failure   Level
a - Frozen Ramparts       Ice            60%        1d8       1%          3
b - Summon Mana Viper     Hex/Summ       17%        N/A       32%         5
c - Mephitic Cloud        Conj/Pois/Air  25%        N/A       1%          3
d - Ozocubu's Armour      Ice            30%        N/A       1%          3
e - Ignite Poison         Fire/Tmut/Pois 17%        N/A       4%          3
f - Freezing Cloud        Conj/Ice/Air   13%        6-21      8%          5
g - Summon Lightning Spi  Summ/Air       22%        N/A       5%          4
h - Sticky Flame          Conj/Fire      19%        2d4       9%          4

Your spell library contained the following spells:

 Spells                   Type           Power      Damage    Failure   Level
 Foxfire                  Conj/Fire      76%        2x1d7     1%          1
 Freeze                   Ice            100%       1d11      1%          1
 Magic Dart               Conj           100%       1d8       1%          1
 Shock                    Conj/Air       96%        1d9       1%          1
 Call Imp                 Summ           22%        N/A       1%          2
 Ensorcelled Hibernation  Hex/Ice        42%        N/A       1%          2
 Poisonous Vapours        Pois/Air       48%        N/A       1%          2
 Conjure Flame            Conj/Fire      19%        6-21      2%          3
 Spider Form              Tmut/Pois      19%        N/A       2%          3
 Corpse Rot               Necr/Air       26%        N/A       3%          2
 Wereblood                Tmut           12%        N/A       4%          2
 Stone Arrow              Conj/Erth      30%        3d8       5%          3
 Passwall                 Tmut/Erth      6%         N/A       9%          2
 Inner Flame              Hex/Fire       12%        N/A       9%          3
 Pain                     Necr           16%        1d4       11%         1
 Sandblast                Erth           8%         2d5       11%         1
 Sublimation of Blood     Necr           4%         N/A       16%         2
 Hailstorm                Conj/Ice       28%        3d8       1%          4
 Summon Ice Beast         Ice/Summ       26%        N/A       2%          4
 Ice Form                 Ice/Tmut       21%        N/A       6%          4
 Iskenderun's Battlesphe  Conj           26%        2d8       8%          5
 Flame Wave               Conj/Fire      19%        2d5       9%          4
 Fulminant Prism          Conj/Hex       9%         3d7       9%          4
 Iskenderun's Mystic Bla  Conj/Tloc      15%        2d5       16%         4
 Fireball                 Conj/Fire      9%         3d6       24%         5
 Cause Fear               Hex            6%         N/A       26%         4
 Conjure Ball Lightning   Conj/Air       12%        3x3d6     45%         6
 Ozocubu's Refrigeration  Ice            15%        4d8       71%         7
 Simulacrum               Ice/Necr       8%         N/A       86%         6
 Orb of Destruction       Conj           13%        9d6       89%         7
 Agony                    Necr           4%         N/A       95%         5
 Excruciating Wounds      Necr           2%         N/A       95%         5
 Lee's Rapid Deconstruct  Erth           2%         3d5*      95%         5
 Spellforged Servitor     Conj/Summ      12%        N/A       95%         7
 Monstrous Menagerie      Summ           11%        N/A       98%         7
 Summon Hydra             Summ           11%        N/A       98%         7
 Storm Form               Tmut/Air       8%         N/A       100%        7
 Discord                  Hex            6%         N/A       100%        8
 Maxwell's Capacitive Co  Air            11%        ∞         100%        8


Dungeon Overview and Level Annotations

Branches:
Dungeon (15/15)            Temple (1/1) D:4            Lair (6/6) D:9
  Swamp (4/4) Lair:3       Spider (1/4) Lair:4        Slime (0/5) Lair:5
    Orc (2/2) D:9             Elf (3/3) Orc:2        Vaults (2/5) D:14
 Depths (0/4) D:15          Sewer (visited)          Bailey (visited)
  IceCv (visited)         Volcano (visited)
  Crypt: Vaults:2-3

Altars:
Cheibriados
Dithmenos
Elyvilon
Fedhas
Hepliaklqana
Kikubaaqudgha
Makhleb
Nemelex Xobeh
Qazlal
Ru
Sif Muna
Trog
Uskayaw
Vehumet
The Shining One
Beogh

Shops:
D:2 :   D:5 (   D:9 *   Orc:2 :*[(   Elf:3 =   Vaults:1 :

Annotations:
Elf:2 3 runed translucent doors
Vaults:3 Jory


Innate Abilities, Weirdness & Mutations

((You are very nimble when in or above water. (Stealth+, EV+, Speed+++)))
Your lower body shifts to a powerful aquatic tail in water.


Message History

Jory resists.
The wall freezes Jory.
Jory hits you with a +3 vorpal glaive!!
* * * LOW HITPOINT WARNING * * *
x2 Jory bites you but does no damage.
You feel much better.
The frozen ramparts melt away.
Jory draws life force from you!!
* * * LOW HITPOINT WARNING * * *
Jory is healed by the life force!
Jory completely misses you. Jory bites you but does no damage.
You feel yourself speed up. Jory completely misses you. Jory barely misses you.
You feel much better.
Jory casts a spell.
Jory attempts to bespell you!
You are mesmerised by Jory!
You slash Jory! You burn Jory.
Jory is severely damaged.
Jory hits you with a +3 vorpal glaive!
* * * LOW HITPOINT WARNING * * *
You feel more protected from physical attacks.
* * * LOW HITPOINT WARNING * * *
You block Jory's attack.
You slash Jory! You burn Jory.
Jory is severely damaged.
You slash Jory! You burn Jory.
Jory is almost destroyed.
Jory draws life force from you!
* * * LOW HITPOINT WARNING * * *
Jory is healed by the life force!
You hit Jory but do no damage.
Jory is almost destroyed.
Jory hits you with a +3 vorpal glaive!!
* * * LOW HITPOINT WARNING * * *
You feel more protected from physical attacks.
* * * LOW HITPOINT WARNING * * *
Jory misses you.
You feel much better. Jory draws life force from you!
* * * LOW HITPOINT WARNING * * *
Jory is healed by the life force!
As you read the scroll of teleportation, it crumbles to dust.
You feel strangely unstable. Jory draws life force from you!!
You die...

...............#
...............#
...............#
...............#
############......#
...........#......#
........☼..#......#
........☼..#V.....#
...^......@#).....#
..........°V○.....#
...........#......#
...........#......#
########'###......#
.................#
...........^.....#
.................#
...########......#


You could see Jory (mesmerising, fast).

Vanquished Creatures
  A tentacled monstrosity (Swamp:3)
  Asterion (Elf:3)
  Agnes (D:15)
  A thorn hunter (Swamp:4)
  2 fenstrider witches
  3 orc warlords
  An emperor scorpion (Lair:4)
  A vault warden (Vaults:1)
  Aizul (Lair:4)
  4 ironbound preservers
  3 ironbound thunderhulks (Vaults:1)
  2 deep elf annihilators
  2 eleionomae
  A white draconian (IceCv)
  A deep elf death mage (Elf:1)
  2 bunyips
  An ettin (Vaults:1)
  2 shambling mangroves
  Josephine (D:12)
  A deep elf high priest (Elf:3)
  4 yaktaur captains
  3 boulder beetles
  A rakshasa (D:13)
  17 hydras
  A ghost crab (Swamp:4)
  2 ogre magi
  A great orb of eyes (Vaults:1)
  16 centaur warriors
  An ironbound frostheart (Vaults:1)
  A death knight (D:14)
  9 two-headed ogres
  4 catoblepae
  12 alligators
  20 dancing weapons
  A hell hog (Volcano)
  15 death yaks
  An orc high priest (Elf:2)
  Sonja (D:12)
  6 deep elf knights
  10 skeletal warriors
  2 goliath frogs (Swamp:1)
  8 deep elf archers
  4 spriggan druids
  8 swamp dragons
  5 bog bodies
  12 deep trolls
  2 ironbound convokers
  23 deep elf zephyrmancers
  3 wizards
  An orb spider (Lair:4)
  A wolf spider (Lair:4)
  2 will-o-the-wisps (Swamp:4)
  7 lindwurms
  25 deep elf pyromancers
  A necromancer (D:15)
  7 orc sorcerers
  5 orc knights
  16 ugly things
  5 cyclopes
  5 manticores
  Joseph (D:7)
  A centaur zombie (D:15)
  2 ice statues (IceCv)
  11 elephants
  A salamander (Volcano)
  A naga mage (D:15)
  4 vault sentinels
  A torpor snail (Lair:2)
  3 black mambas
  3 gargoyles
  14 cane toads
  An unseen horror (D:10)
  2 kobold demonologists
  9 rime drakes
  2 freezing wraiths
  3 komodo dragons
  A demonic crawler (Lair:4)
  A tengu conjurer (D:13)
  2 ice devils (D:12)
  11 yaktaurs
  2 efreet
  A bloated husk (Swamp:1)
  5 tyrant leeches
  15 hornets
  2 polar bears
  A wolf spider simulacrum (D:15)
  6 trolls
  3 blink frogs (Lair:3)
  13 slime creatures
  13 spriggans
  6 redbacks
  4 air elementals
  4 wyverns
  A shadow (D:10)
  62 yaks
  2 tarantellas (Spider:1)
  8 wraiths
  5 fire elementals
  2 fire bats (Volcano)
  2 steam dragons (D:7)
  15 vampire mosquitoes
  2 basilisks
  19 swamp worms
  4 wargs (Orc:2)
  An acid dragon (D:10)
  13 water moccasins
  A floating eye (shapeshifter) (D:12)
  7 swamp drakes
  A hell hound (Volcano)
  53 orc warriors
  3 necrophages
  3 sky beasts (D:7)
  A black bear (shapeshifter) (D:13)
  2 hornet zombies
  12 ogres
  9 centaurs
  7 wolves (Lair:6)
  A phantom (D:4)
  17 kobold brigands
  A gnoll sergeant (D:9)
  14 bullfrogs
  5 scorpions
  4 earth elementals
  A water moccasin zombie (D:5)
  A wyvern skeleton (D:7)
  6 killer bees (D:9)
  A water moccasin skeleton (D:7)
  3 lindwurm simulacra (IceCv)
  An electric eel (D:10)
  The ghost of RancidPinata the Sneak, a weakling GrDe (D:6)
  2 howler monkeys
  7 komodo dragon simulacra (IceCv)
  A bullfrog zombie (D:7)
  26 orc priests
  5 hounds
  5 jellies
  Jessica (D:2)
  A bullfrog skeleton (D:5)
  3 iguanas
  2 centaur skeletons
  34 orc wizards
  A hound zombie (D:5)
  A howler monkey zombie (D:11)
  7 gnolls
  3 river rats
  5 acid dragon simulacra (IceCv)
  6 adders
  A white imp (D:5)
  6 steam dragon simulacra (IceCv)
  2 adder skeletons
  5 worms
  10 dart slugs
  102 orcs
  7 endoplasms
  3 giant cockroaches
  14 goblins
  8 hobgoblins
  A jackal (Sewer)
  5 quokkas
  5 ball pythons
  10 bats
  5 frilled lizards
  46 kobolds
  10 rats
1090 creatures vanquished.

Vanquished Creatures (collateral kills)
  A deep elf sorcerer (Elf:3)
  A deep elf demonologist (Elf:3)
  A hornet (Swamp:4)
  A spriggan (Swamp:4)
4 creatures vanquished.

Vanquished Creatures (others)
  A deep elf knight (Elf:1)
  2 deep trolls (Vaults:2)
  A swamp dragon (Swamp:4)
  A wizard (D:15)
  A yaktaur (D:15)
  2 bloated husks (Swamp:4)
  A swamp drake (Swamp:4)
  2 foxfires (Swamp:4)
  18 fungi
  32 plants
61 creatures vanquished.

Grand Total: 1155 creatures vanquished

Notes
Turn   | Place    | Note
-------+----------+-------------------------------------------
     0 | D:1      | fragbeetle the Merfolk Gladiator began the quest for the
                  | Orb.
     0 | D:1      | Reached XP level 1. HP: 16/16 MP: 1/1
     9 | D:1      | Noticed a centaur
   216 | D:1      | Reached XP level 2. HP: 23/23 MP: 2/2
   606 | D:1      | Reached XP level 3. HP: 28/28 MP: 3/3
   879 | D:1      | Found a faded altar of an unknown god.
  1087 | D:2      | Reached skill level 5 in Polearms
  1428 | D:2      | Noticed Jessica
  1440 | D:2      | Killed Jessica
  1441 | D:2      | Reached XP level 4. HP: 25/34 MP: 4/4
  1677 | D:2      | Found Fuzxir's Book Boutique.
  2007 | D:2      | Reached XP level 5. HP: 30/41 MP: 5/5
  2299 | D:3      | Reached skill level 6 in Polearms
  2349 | D:3      | Reached skill level 5 in Dodging
  2741 | D:4      | Found a staircase to the Ecumenical Temple.
  2748 | Temple   | Entered the Ecumenical Temple
  2757 | Temple   | Became a worshipper of Qazlal Stormbringer
  2887 | D:4      | Noticed an ogre
  3097 | D:4      | Reached XP level 6. HP: 34/48 MP: 6/6
  3196 | D:4      | Identified the +1 leather armour "Jiuph" {Str+4 Int+3}
  3293 | D:4      | Reached skill level 7 in Polearms
  3767 | D:4      | Reached XP level 7. HP: 48/54 MP: 7/7
  3953 | D:5      | Entered Level 5 of the Dungeon
  3964 | D:5      | Reached skill level 8 in Polearms
  4047 | D:5      | Found a glowing drain.
  4054 | Sewer    | Entered a sewer
  4067 | Sewer    | Reached * piety under Qazlal
  4155 | Sewer    | Reached skill level 1 in Shields
  4175 | Sewer    | Found a white marble altar of Elyvilon.
  4302 | D:5      | Reached XP level 8. HP: 60/61 MP: 8/8
  4336 | D:5      | Reached skill level 9 in Polearms
  4651 | D:5      | Found Awoang's Antique Weapon Shoppe.
  5090 | D:6      | Learned a level 3 spell: Frozen Ramparts
  5149 | D:6      | Found a runed translucent gate.
  5149 | D:6      | Found a runed translucent gate.
  5150 | D:6      | Found a runed translucent gate.
  5150 | D:6      | Noticed RancidPinata's ghost (weakling GrDe)
  5151 | D:6      | Noticed a kobold demonologist
  5160 | D:6      | Reached skill level 5 in Fighting
  5389 | D:6      | Reached skill level 1 in Ice Magic
  5823 | D:7      | Reached skill level 10 in Polearms
  6031 | D:7      | Reached XP level 9. HP: 26/68 MP: 9/9
  6285 | D:7      | Reached skill level 11 in Polearms
  6496 | D:7      | Noticed Joseph
  6516 | D:7      | Killed Joseph
  6516 | D:7      | Reached ** piety under Qazlal
  7308 | D:8      | Reached skill level 12 in Polearms
  7615 | D:8      | Learned a level 4 spell: Hailstorm
  7636 | D:8      | Reached XP level 10. HP: 58/77 MP: 6/10
  8359 | D:9      | Reached skill level 13 in Polearms
  8361 | D:9      | Noticed a death yak
  8362 | D:9      | Noticed a death yak
  8362 | D:9      | Noticed a death yak
  8541 | D:9      | You fall into a shaft and drop 2 floors!
  8606 | D:11     | Reached skill level 5 in Ice Magic
  8609 | D:11     | Reached *** piety under Qazlal
  8795 | D:10     | Entered Level 10 of the Dungeon
  8808 | D:10     | Found a blossoming altar of Fedhas.
  8872 | D:10     | Noticed a two-headed ogre
  8952 | D:10     | Killed a two-headed ogre
  9018 | D:10     | Reached skill level 14 in Polearms
  9023 | D:10     | Reached skill level 10 in Dodging
  9099 | D:10     | Found a flagged portal.
  9121 | Bailey   | Entered a bailey
  9199 | Bailey   | Noticed an orc warlord
  9287 | Bailey   | Reached XP level 11. HP: 86/86 MP: 11/11
  9305 | Bailey   | Found a runed translucent gate.
  9307 | Bailey   | Found a runed translucent gate.
  9308 | Bailey   | Found a runed translucent gate.
  9355 | Bailey   | Reached **** piety under Qazlal
  9471 | Bailey   | Killed an orc warlord
  9472 | Bailey   | Reached skill level 1 in Armour
  9516 | Bailey   | Identified the +6 hunting sling of Stained Guilt {freeze,
                  | Fly rN+ Stlth+}
  9705 | D:10     | Acquired the +10 glaive of the Hawk {flame, *Noise rElec
                  | rC+ Dex+3}
  9783 | D:10     | Noticed a purple ugly thing
  9789 | D:10     | Killed a purple ugly thing
 10008 | D:9      | Found a staircase to the Lair.
 10014 | D:9      | Noticed a death yak
 10039 | D:9      | Killed a death yak
 10041 | D:9      | Noticed a death yak
 10050 | D:9      | Killed a death yak
 10055 | D:9      | Killed a death yak
 10057 | D:9      | Killed a death yak
 10060 | D:9      | Killed a death yak
 10061 | D:9      | Reached skill level 15 in Polearms
 10221 | Lair:1   | Entered Level 1 of the Lair of Beasts
 10247 | Lair:1   | Noticed a six-headed hydra
 10255 | Lair:1   | Killed a five-headed hydra
 10314 | Lair:1   | Acquired 779 gold pieces
 10460 | D:9      | Found Xippuel's Lightly-Used Armoury.
 10548 | D:9      | Reached XP level 12. HP: 96/96 MP: 10/12
 10556 | D:9      | Found a staircase to the Orcish Mines.
 10847 | D:2      | Bought a Trismegistus Codex for 280 gold pieces
 10851 | D:2      | Learned a level 3 spell: Mephitic Cloud
 11413 | D:11     | Reached skill level 1 in Poison Magic
 11504 | D:11     | Noticed a boulder beetle
 11516 | D:11     | Killed a boulder beetle
 11517 | D:11     | Reached skill level 1 in Conjurations
 11556 | D:11     | Found a snail-covered altar of Cheibriados.
 12036 | Lair:1   | Reached ***** piety under Qazlal
 12060 | Lair:1   | Reached skill level 16 in Polearms
 12671 | Lair:2   | Reached skill level 10 in Fighting
 13354 | Lair:3   | Reached skill level 17 in Polearms
 13360 | Lair:3   | Reached XP level 13. HP: 87/104 MP: 13/13
 13613 | Lair:3   | Found a staircase to the Swamp.
 14112 | Lair:4   | Learned a level 2 spell: Wereblood
 14222 | Lair:4   | Found a hole to the Spider Nest.
 14416 | Lair:4   | Reached skill level 1 in Spellcasting
 14931 | Lair:5   | Reached skill level 5 in Poison Magic
 15139 | Lair:5   | Reached skill level 18 in Polearms
 15199 | Lair:5   | Found a staircase to the Slime Pits.
 15527 | Lair:6   | Entered Level 6 of the Lair of Beasts
 15549 | Lair:6   | Reached ****** piety under Qazlal
 15848 | Lair:6   | Reached XP level 14. HP: 113/113 MP: 15/18
 16135 | Lair:6   | Reached skill level 19 in Polearms
 16408 | Lair:6   | Reached skill level 5 in Conjurations
 16609 | Swamp:1  | Entered Level 1 of the Swamp
 17028 | Orc:1    | Entered Level 1 of the Orcish Mines
 17353 | Orc:2    | Entered Level 2 of the Orcish Mines
 17366 | Orc:2    | Noticed an orc warlord
 17773 | Orc:2    | Found a staircase to the Elven Halls.
 17792 | Orc:2    | Found a dark tunnel.
 17802 | Volcano  | Entered a volcano
 18633 | Orc:2    | Killed an orc warlord
 18639 | Orc:2    | Reached skill level 20 in Polearms
 18645 | Orc:1    | Learned a level 3 spell: Ignite Poison
 18651 | Orc:1    | Learned a level 5 spell: Freezing Cloud
 18972 | Orc:2    | Found Muheh's Assorted Antiques.
 18977 | Orc:2    | Bought a scroll of teleportation for 81 gold pieces
 18977 | Orc:2    | Bought a scroll of magic mapping for 94 gold pieces
 18977 | Orc:2    | Bought 2 potions of heal wounds for 270 gold pieces
 18977 | Orc:2    | Bought a scroll of blinking for 202 gold pieces
 18977 | Orc:2    | Bought a scroll labelled NEVANN DEBUENK for 27 gold pieces
 19085 | Orc:2    | Noticed an orc warlord
 19241 | D:12     | Noticed Josephine
 19257 | D:12     | Reached skill level 1 in Air Magic
 19262 | D:12     | Noticed Sonja
 19265 | D:12     | Killed Sonja
 19269 | D:12     | Reached XP level 15. HP: 65/120 MP: 21/21
 19284 | D:12     | Killed Josephine
 19477 | D:12     | Found a frozen archway.
 19597 | IceCv    | Entered an ice cave
 19813 | IceCv    | Reached skill level 5 in Spellcasting
 20167 | D:12     | Reached skill level 5 in Armour
 20597 | D:13     | Reached skill level 15 in Dodging
 21497 | D:14     | Found a sparkling altar of Nemelex Xobeh.
 21772 | D:14     | Identified the ring of Lacky {Wiz MP+9 Str-2 Slay+4 Stlth+}
 22160 | D:14     | Found a gate to the Vaults.
 22359 | D:14     | Found a burning altar of Makhleb.
 23019 | Lair:1   | Upgraded the game from 0.28-a0-1206-g193881aaa2 to
                  | 0.28-a0-1213-g0243856f03
 23654 | Swamp:2  | Reached XP level 16. HP: 129/129 MP: 25/25
 23834 | Swamp:2  | Reached skill level 1 in Transmutations
 23966 | Swamp:2  | Noticed a fenstrider witch
 23969 | Swamp:2  | Paralysed by a fenstrider witch for 7 turns
 23985 | Swamp:2  | Killed a fenstrider witch
 24674 | Swamp:3  | Noticed a fenstrider witch
 24679 | Swamp:3  | Paralysed by a fenstrider witch for 2 turns
 25739 | Orc:2    | Found Ezutzeff's Book Shoppe.
 26019 | Orc:2    | Found Rasoozao's Antique Armour Emporium.
 26024 | Orc:2    | Found Esseuxzo's Antique Weapon Shoppe.
 26032 | Orc:2    | Bought a scorched ring mail for 189 gold pieces
 26032 | Orc:2    | Identified the +5 ring mail of the Thirsty Visions {rElec
                  | rC+ rCorr} (You bought it in a shop on level 2 of the
                  | Orcish Mines)
 26283 | Orc:2    | Bought a book of the Sky for 616 gold pieces
 26288 | Orc:2    | Learned a level 4 spell: Summon Lightning Spire
 26507 | D:15     | Entered Level 15 of the Dungeon
 26574 | D:15     | Reached skill level 1 in Invocations
 26627 | D:15     | Found a hazy altar of Hepliaklqana.
 26679 | D:15     | Reached skill level 1 in Summonings
 26809 | D:15     | Noticed Agnes
 26818 | D:15     | Killed Agnes
 27432 | D:15     | Found a staircase to the Depths.
 27981 | Spider:1 | Entered Level 1 of the Spider Nest
 27987 | Spider:1 | Noticed Aizul
 28118 | Lair:4   | Killed Aizul
 28188 | Lair:4   | Reached skill level 5 in Air Magic
 28670 | Elf:1    | Entered Level 1 of the Elven Halls
 28992 | Elf:1    | Reached XP level 17. HP: 69/130 MP: 25/26
 29427 | Elf:1    | Got the Reference Book on Combat Magic
 29786 | Elf:1    | Found a radiant altar of Vehumet.
 30195 | Elf:2    | Found a runed translucent gate.
 30195 | Elf:2    | Found a runed translucent gate.
 30201 | Elf:2    | Found a runed translucent gate.
 30502 | Elf:2    | Reached skill level 10 in Ice Magic
 30700 | Elf:2    | Reached skill level 5 in Invocations
 31117 | Elf:3    | Entered Level 3 of the Elven Halls
 31301 | Elf:3    | Paralysed by an air elemental for 1 turns
 31407 | Elf:3    | Noticed Asterion
 31414 | Elf:3    | Killed Asterion
 31474 | Elf:3    | Found a shimmering blue altar of Sif Muna.
 31670 | Elf:3    | Found Orithumm's Jewellery Shoppe.
 31676 | Elf:3    | Reached skill level 5 in Summonings
 31682 | Elf:3    | Bought a ring of willpower for 350 gold pieces
 31899 | Elf:3    | Noticed a deep elf blademaster
 31923 | Elf:3    | Noticed a deep elf master archer
 31926 | Elf:3    | Identified the +3 kite shield of Old and Reckless {Str+4}
 32332 | D:6      | Killed RancidPinata's ghost
 32905 | Swamp:3  | Noticed a tentacled monstrosity
 32920 | Swamp:3  | Killed a tentacled monstrosity
 32921 | Swamp:3  | Reached XP level 18. HP: 91/147 MP: 17/27
 33028 | Swamp:3  | Acquired a +2 hat of willpower
 33364 | Swamp:3  | Learned a level 4 spell: Sticky Flame
 33367 | Swamp:4  | Entered Level 4 of the Swamp
 33790 | Swamp:4  | Reached skill level 1 in Fire Magic
 34499 | Swamp:4  | Got a decaying rune of Zot
 34727 | Orc:2    | Bought a book of Beasts for 532 gold pieces
 34735 | Orc:2    | Learned a level 5 spell: Summon Mana Viper
 34922 | Vaults:1 | Entered Level 1 of the Vaults
 35053 | Vaults:1 | Reached skill level 1 in Hexes
 35129 | Vaults:1 | Identified the +2 ring mail of Sonli {rF+ Dex+5 Slay+2}
 35648 | Vaults:1 | Found Plog's Book Emporium.
 35656 | Vaults:1 | Bought Ozocubu's Autobiography for 408 gold pieces
 35697 | Vaults:1 | Learned a level 3 spell: Ozocubu's Armour
 36193 | Vaults:1 | Reached skill level 15 in Fighting
 36966 | Vaults:2 | Reached XP level 19. HP: 118/155 MP: 16/30
 37212 | Vaults:2 | You fall into a shaft and drop 1 floor!
 37245 | Vaults:3 | Noticed Jory
 37283 | Vaults:3 | HP: 5/155 [Jory (25)]
 37283 | Vaults:3 | HP: 2/155 [Jory (3)]
 37285 | Vaults:3 | Killed from afar by Jory

Illustrated notes

Levels and vault maps discovered:
D:1:      evilmike_arrival_come_back, layout_loops_corners,
          shapermc_ecumenical_altar_petra, minmay_crystal_room
D:2:      layout_basic, serial_shops, nicolae_shop_crystal, st_stairs_4,
          uniq_jessica
D:3:      layout_basic
D:4:      layout_loops_corners, temple_green
D:5:      kennysheep_slugbush, layout_loops_ring, portal_sewer_entry_e,
          serial_shops, kennysheep_little_box
D:6:      layout_gridville, gammafunk_ghost_nasty_kobolds,
          hangedman_decor_slide_cut
D:7:      layout_gridville, hangedman_misty_isle, uniq_joseph
D:8:      layout_loops_cross
D:9:      layout_basic, dpeg_lair_monsters, orc_0_dummy, minmay_shop_damaged
D:10:     layout_gridville, mainiacjoe_overflow_cross_hatched, enter_bailey_5,
          chequers_garden, chequers_avenue, amcnicky_mini_pool_medium
D:11:     layout_gridville, cheibrodos_worm_habitat
D:12:     layout_gridville, portal_ice_cave_demonic_guard, uniq_sonja,
          uniq_josephine
D:13:     layout_loops_ring, drop_trap
D:14:     layout_basic, hangedman_vaults_entry_quadrant_bands,
          nemelex_xobeh_ov_fountains_minmay, minmay_misc_feat_encased,
          bloody_makhleb
D:15:     grunt_enter_depths_magical_seal, layout_loops_corners,
          nzn_hepliaklqana_mist_gate, grunt_ministairs_15, uniq_agnes
Temple:   compressed_dpeg_triangle_lava_temple
Lair:1:   layout_cave_shapes, grunt_forest_small_clearing_treed,
          grunt_megastairs_1
Lair:2:   layout_small_grid, grunt_megastairs_5, serial_bayou_shore_b
Lair:3:   layout_long_grid, minmay_swamp_entry_swarm
Lair:4:   layout_cellular_growth, nicolae_spider_entry_orb_guardian,
          st_stairs_13, serial_bayou_pond_e, beast_lair_carwin_7
Lair:5:   layout_gridlike, minmay_slime_entry_pillars, serial_forest,
          infiniplex_forest_lined_3, infiniplex_forest_corner_1,
          infiniplex_forest_clump_C, infiniplex_forest_side_room,
          infiniplex_forest_lined_corner, infiniplex_forest_clump_tiny,
          infiniplex_forest_straight_2, infiniplex_forest_pool
Lair:6:   evilmike_catoblepas_cave, layout_regular_city
Swamp:1:  layout_basic_swamp, evilmike_swamp_ruin_house_2, swamp_pool1
Swamp:2:  layout_falls_marsh, evilmike_swamp_ruin_house_1, swamp_pool1,
          nicolae_swamp_feature_on_the_river_bank
Swamp:3:  layout_falls_marsh, hangedman_swamp_blocks
Swamp:4:  swamp_alternative, layout_basic_swamp
Spider:1: layout_spider_delve, uniq_aizul
Orc:1:    layout_diamond_mine, david_defended_altar_orc
Orc:2:    grunt_orc_community_town_hall, layout_caves,
          grunt_orc_community_big_house_2, grunt_orc_community_big_house_1,
          grunt_orc_community_house_2, grunt_orc_community_house_1,
          grunt_orc_community_house_3, grunt_orc_community_house_2,
          grunt_orc_community_house_3, grunt_orc_community_house_3,
          enter_volcano_2
Elf:1:    eino_elf_arrival_shootout, layout_geoelf_grid, basic_altar,
          minmay_elf_annihilation, hangedman_elf_power_crystal
Elf:2:    nicolae_elf_blades_splatter_lattice [nicolae_blade_lattice],
          layout_geoelf_octagon
Elf:3:    nooodl_elf_gasket, layout_loops_corners, serial_shops,
          nicolae_shop_stone, basic_altar, st_stairs_14, uniq_asterion
Vaults:1: hangedman_vaults_river_flow, nicolae_vaults_shelves_hall, v_misc_16,
          grunt_vaults_funnel, nicolae_vaults_circle_grid_a,
          hangedman_vaults_capsules, ontoclasm_vaults_chip,
          ontoclasm_vaults_claustrophobia, v_alt_pattern_6, vaults_mumra_lcd,
          layout_vaults_omnicross, serial_shops, shop_coins
Vaults:2: vaults_dpeg_doors, v_alt_pattern_3, ontoclasm_vaults_ring_small,
          v_rooms_1, nicolae_vaults_halls_meeting, hangedman_vaults_stitches,
          hangedman_vaults_cutoff, v_misc_9, v_pattern_5, v_misc_26, v_misc_13,
          grunt_vaults_diagonal, vaults_dpeg_encased_lava, layout_vaults_ring,
          serial_shops, nicolae_diamond_shop
Vaults:3: v_misc_10, minmay_crypt_entry_vampire_xt,
          nicolae_vaults_little_squares_4, vaults_room_stairs_pillars,
          vaults_room_stairs_pillars, nicolae_vaults_little_squares_4,
          layout_vaults_chaotic_city, uniq_donald, uniq_jory

Skill      XL: |  1  2  3  4  5  6  7  8  9 10 11 12 13 14 15 16 17 18 19 |
---------------+----------------------------------------------------------+-----
Polearms       | 5 6 7 8 10 12 14 15 17 18 20 | 20.0
Fighting       | 3 4 5 6 8 9 10 11 12 13 14 15 | 15.2
Throwing       | 3 4 |  4.5
Dodging        | 5 6 7 8 10 11 12 13 14 15 | 15.4
Shields        | 1 2 4 |  4.0
Ice Magic      | 2 4 6 7 8 9 10 | 10.6
Armour         | 3 4 5 7 8 |  8.0
Poison Magic   | 4 6 7 9 |  9.0
Conjurations   | 3 4 5 6 7 8 9 |  9.0
Spellcasting   | 2 4 6 7 |  7.7
Air Magic      | 1 3 5 6 7 |  7.5
Transmutations | 3 |  3.1
Invocations    | 3 6 7 8 |  8.0
Summonings     | 3 5 7 |  7.3
Fire Magic     | 3 |  3.3
Hexes          | 2 3 |  3.3

Action                   |  1- 3 |  4- 6 |  7- 9 | 10-12 | 13-15 | 16-18 | 19-21 || total
-------------------------+-------+-------+-------+-------+-------+-------+-------++-------
Melee: Trident           |   106 |   131 |   278 |   209 |       |       |       ||   724
       Tailslap          |       |       |     3 |     1 |     2 |    24 |       ||    30
       Glaive            |       |       |       |   185 |   733 |   929 |    57 ||  1904
Throw: Throwing net      |       |     1 |       |       |       |       |       ||     1
       Dart              |       |       |    10 |    13 |    22 |     5 |       ||    50
       Boomerang         |       |       |     2 |    12 |    23 |    51 |     4 ||    92
       Javelin           |       |       |       |     3 |       |       |       ||     3
 Cast: Frozen Ramparts   |       |       |     4 |    33 |    53 |    56 |     6 ||   152
       Hailstorm         |       |       |       |       |    12 |     9 |       ||    21
       Mephitic Cloud    |       |       |       |       |    33 |    60 |     3 ||    96
       Ignite Poison     |       |       |       |       |     5 |     6 |       ||    11
       Freezing Cloud    |       |       |       |       |       |    26 |     2 ||    28
       Wereblood         |       |       |       |       |       |     3 |       ||     3
       Summon Lightning  |       |       |       |       |       |     2 |       ||     2
       Ozocubu's Armour  |       |       |       |       |       |     3 |     4 ||     7
       Sticky Flame      |       |       |       |       |       |     3 |       ||     3
Evoke: Wand              |       |       |     2 |     5 |    11 |     5 |     1 ||    24
       Phial of floods   |       |       |       |     1 |       |     1 |       ||     2
  Use: Scroll            |       |     5 |     7 |     4 |     9 |    16 |     1 ||    42
       Potion            |       |       |     2 |       |     4 |     7 |     5 ||    18
 Stab: Sleeping          |     3 |     4 |     1 |       |       |       |       ||     8
       Confused          |       |       |       |       |     8 |    26 |     2 ||    36
       Petrified         |       |       |       |       |       |     8 |       ||     8
Armor: Leather armour    |    21 |    11 |    21 |    30 |    44 |       |       ||   127
       Swamp dragon scal |       |       |       |       |     5 |    17 |       ||    22
       Steam dragon scal |       |       |       |       |     2 |       |       ||     2
       Ring mail         |       |       |       |       |       |   156 |    19 ||   175
Dodge: Dodged            |    62 |    73 |   166 |   204 |   423 |   594 |    24 ||  1546
       Repelled          |       |       |       |     1 |    10 |    24 |     1 ||    36
Block: Other             |       |       |     9 |    43 |   152 |   221 |     8 ||   433

Table legend: (Time is in decaauts)
 A = Elapsed time spent in this place.
 B = Non-inter-level travel time spent in this place.
 C = Inter-level travel time spent in this place.
 D = Time resting spent in this place.
 E = Time spent auto-exploring this place.
 F = Levels seen in this place.
 G = Mean time per level.
                   A        B        C        D        E       F      G
               +--------+--------+--------+--------+--------+-----+--------+
         Total |  36312 |  33880 |   2432 |   8027 |   3700 |  39 |  931.1 |
       Dungeon |  16658 |  15043 |   1615 |   3376 |   3157 |  15 | 1110.5 |
        Temple |     16 |     16 |      0 |      0 |      0 |   1 |   16.0 |
          Lair |   6215 |   5717 |    498 |   1056 |    166 |   6 | 1035.8 |
         Swamp |   3690 |   3650 |     40 |   1272 |     92 |   4 |  922.5 |
   Spider Nest |     32 |     32 |      0 |      0 |      0 |   1 |   32.0 |
  Orcish Mines |   2837 |   2641 |    196 |    756 |      0 |   2 | 1418.5 |
   Elven Halls |   3457 |   3399 |     58 |    785 |    146 |   3 | 1152.3 |
        Vaults |   2293 |   2273 |     20 |    751 |    127 |   3 |  764.3 |
         Sewer |    124 |    124 |      0 |      0 |      0 |   1 |  124.0 |
        Bailey |    377 |    377 |      0 |      0 |      0 |   1 |  377.0 |
      Ice Cave |    318 |    318 |      0 |      0 |     12 |   1 |  318.0 |
       Volcano |    291 |    291 |      0 |     29 |      0 |   1 |  291.0 |
               +--------+--------+--------+--------+--------+-----+--------+

Top non-repeatable levels by time:
Vaults:1: 1973 daAuts
     D:7: 1529 daAuts
    D:14: 1523 daAuts
     D:9: 1468 daAuts
   Orc:1: 1447 daAuts
  Lair:3: 1442 daAuts
     D:4: 1421 daAuts
   Elf:1: 1396 daAuts
   Orc:2: 1389 daAuts
   Elf:2: 1220 daAuts
    D:15: 1207 daAuts
    D:10: 1136 daAuts
  Lair:1: 1128 daAuts
     D:8: 1096 daAuts
     D:2: 1082 daAuts
